 Dungeon Crawl Stone Soup version 0.29-a0-887-gcbe080d7e0 (webtiles) character file.

Game seed: 2059639030024957121

65 concernfroge the Trooper (level 3, -2/32 HPs)
             Began as a Mummy Monk on July 21, 2022.
             Slain by an iguana (11 damage)
             ... on level 5 of the Dungeon.
             The game lasted 00:08:33 (1807 turns).

concernfroge the Trooper (Mummy Monk)               Turns: 1807, Time: 00:08:33

Health: -2/32      AC: 10    Str: 16    XL:     3   Next: 94%
Magic:  3/3        EV:  7    Int:  9    God:
Gold:   113        SH:  0    Dex: 14    Spells: 2/2 levels left

rFire   x . .      SeeInvis .   a - +1 spear
rCold   + . .      Faith    .   (no shield)
rNeg    + + +      Spirit   .   i - +0 chain mail
rPois   ∞          Reflect  .   (no helmet)
rElec   .          Harm     .   (no cloak)
rCorr   .          Rampage  .   (no gloves)
Will    .....                   f - +1 pair of boots
Stlth   ..........              (no amulet)
HPRegen 0.10/turn               (no ring)
MPRegen 0.08/turn               (no ring)

@: about to teleport
A: cold resistance 1, negative energy resistance 3, torment resistance 2, heat
vulnerability 1, in touch with death 1, no potions
a: no special abilities


You were on level 5 of the Dungeon.
You visited 1 branch of the dungeon, and saw 5 of its levels.

You collected 113 gold pieces.

Inventory:

Hand Weapons
 a - a +1 spear (weapon)
Armour
 b - the +2 buckler "Giyqyt" {rElec rF++ Str-5 Int+4}
   (You found it on level 5 of the Dungeon)

   Str:       It affects your strength (-5).
   Int:       It affects your intelligence (+4).
   rF:        It greatly protects you from fire.
   rElec:     It insulates you from electricity.
 f - a +1 pair of boots (worn)
 i - a +0 chain mail (worn)
Wands
 k - a wand of digging (5)
Scrolls
 e - 2 scrolls of poison


   Skills:
 + Level 4.9 Fighting
 - Level 2.4 Polearms
 - Level 2.4 Dodging
 - Level 1.5 Stealth


You had 2 spell levels left.
You didn't know any spells.
Your spell library contained the following spells:

 Spells                   Type           Power      Damage    Failure   Level
 Sting                    Tmut/Pois      0%         1d3       100%        1
 Poisonous Vapours        Pois/Air       0%         N/A       100%        2
 Olgreb's Toxic Radiance  Pois           0%         N/A       100%        4


Dungeon Overview and Level Annotations

Branches:
Dungeon (5/15)
 Temple: D:4-7

Altars:
Okawaru

Shops:
D:3 !

Annotations:
D:3 1 runed translucent door, Caestello's ghost, amateur DsMo


Innate Abilities, Weirdness & Mutations

You are immune to poison.
Your flesh is cold resistant. (rC+)
You are immune to negative energy. (rN+++)
You are immune to unholy pain and torment.
You are vulnerable to heat. (rF-)
You are in touch with the powers of death.
You do not drink.


Message History

Found 21 gold pieces.
You see here a scroll of teleportation.
Found 8 gold pieces and a distressingly furry buckler.
Found a stone staircase leading down.
An iguana is nearby!
You see here the +2 buckler "Giyqyt" {rElec rF++ Str-5 Int+4}.
b - the +2 buckler "Giyqyt" {rElec rF++ Str-5 Int+4} You reach to attack!
You hit the iguana.
The iguana is lightly wounded.
You hit the iguana but do no damage.
The iguana is lightly wounded.
The iguana bites you.
You hit the iguana but do no damage.
The iguana is lightly wounded.
The iguana bites you.
The quokka bites you but does no damage.
Okay, then.
You hit the quokka.
The quokka is heavily wounded.
The iguana bites you but does no damage.
The quokka bites you.
You hit the quokka.
You kill the quokka!
The iguana bites you but does no damage.
You barely miss the iguana.
The iguana is lightly wounded.
The iguana barely misses you.
You hit the iguana but do no damage.
The iguana is lightly wounded.
The iguana bites you!
You barely miss the iguana.
The iguana is lightly wounded.
The iguana barely misses you.
You hit the iguana.
The iguana is heavily wounded.
The iguana bites you.
* * * LOW HITPOINT WARNING * * *
As you read the scroll of teleportation, it crumbles to dust.
You feel strangely unstable. The iguana bites you!
You die...

#.
######################
####.
.>...........l@.......
.....
#$....................
.....
.###.#.###+####.##...
####. #......# .# # ##
#.?....# .
#[..l..#######
#....r.#... .#
#.###.##.###.#####
#..# #.....r..)....


You could see an iguana.

Vanquished Creatures
  2 adders
  A worm (D:3)
  A dart slug (D:4)
  4 orcs (D:3)
  3 bats
  2 endoplasms
  3 giant cockroaches
  2 goblins (D:1)
  5 hobgoblins
  2 quokkas
  2 ball pythons
  3 frilled lizards (D:1)
  5 kobolds
  3 rats
38 creatures vanquished.

Vanquished Creatures (others)
  A fungus (D:3)
  3 plants (D:3)
4 creatures vanquished.

Grand Total: 42 creatures vanquished

Notes
Turn   | Place    | Note
-------+----------+-------------------------------------------
     0 | D:1      | concernfroge the Mummy Monk began the quest for the Orb.
     0 | D:1      | Reached XP level 1. HP: 18/18 MP: 1/1
   156 | D:1      | Reached XP level 2. HP: 16/24 MP: 2/2
  1069 | D:3      | Reached skill level 4 in Fighting
  1135 | D:3      | Gained mutation: You are in touch with the powers of death.
                  | [Mummy growth]
  1135 | D:3      | Reached XP level 3. HP: 24/30 MP: 3/3
  1139 | D:3      | Found an iron altar of Okawaru.
  1203 | D:3      | Found Dehifer's Distillery.
  1382 | D:3      | Noticed Caestello's ghost (amateur DsMo)
  1383 | D:3      | Found a runed translucent door.
  1708 | D:4      | Noticed a phantom
  1723 | D:5      | Entered Level 5 of the Dungeon
  1766 | D:5      | Noticed a necrophage
  1771 | D:5      | Noticed a black bear
  1796 | D:5      | Identified the +2 buckler "Giyqyt" {rElec rF++ Str-5 Int+4}
  1807 | D:5      | Slain by an iguana

Illustrated notes

Levels and vault maps discovered:
D:1:      heliophobic_arrival_dark_side_of_the_moon, layout_rooms
D:2:      layout_basic
D:3:      layout_basic, mainiacjoe_overflow_concentric_impassable, serial_shops,
          shop, hellmonk_ghost_happy_afterlife,
          shapermc_ecumenical_altar_acropolis, chequers_serial_rivers_micro_c,
          nicolae_figureground_sparkle
D:4:      layout_basic, nicolae_overflow_hidden_temple
D:5:      layout_basic, portal_sewer_entry_f, dreamdust_wishing_well

Skill      XL: |  1  2 |
---------------+-------+-----
Fighting       | 4 |  4.9
Polearms       | |  2.4
Dodging        | |  2.4
Stealth        | |  1.5

Action                   || total
-------------------------++-------
Melee: Spear             ||   176
  Use: Scroll            ||     8
Armor: Robe              ||     7
       Chain mail        ||    64
       Leather armour    ||     7
Dodge: Dodged            ||    61

Table legend: (Time is in decaauts)
 A = Elapsed time spent in this place.
 B = Non-inter-level travel time spent in this place.
 C = Inter-level travel time spent in this place.
 D = Time resting spent in this place.
 E = Time spent auto-exploring this place.
 F = Levels seen in this place.
 G = Mean time per level.
                   A        B        C        D        E       F      G
               +--------+--------+--------+--------+--------+-----+--------+
         Total |   1802 |   1328 |    474 |    147 |    715 |   5 |  360.4 |
       Dungeon |   1802 |   1328 |    474 |    147 |    715 |   5 |  360.4 |
               +--------+--------+--------+--------+--------+-----+--------+

Top non-repeatable levels by time:
     D:3: 626 daAuts
     D:1: 611 daAuts
     D:2: 361 daAuts
     D:4: 119 daAuts
     D:5: 83 daAuts
